 Dungeon Crawl Stone Soup version 0.29-a0-323-g050149af67 (webtiles) character file.

Game seed: 11013729576504540487

1 Jortsu the Sneak (level 1, -7/18 HPs)
             Began as a Formicid Delver on Apr 10, 2022.
             Splashed by a jelly's acid (9 damage)
             ... on level 4 of the Dungeon.
             The game lasted 00:00:18 (37 turns).

Jortsu the Sneak (Formicid Delver)                    Turns: 37, Time: 00:00:19

Health: -7/18      AC: -1    Str: 16    XL:     1   Next: 22%
Magic:  1/1        EV: 11    Int:  9    God:
Gold:   0          SH:  0    Dex: 12    Spells: 0/0 levels left

rFire   . . .      SeeInvis +   a - +0 falchion
rCold   . . .      Faith    .   (no shield)
rNeg    . . .      Spirit   .   b - +0 leather armour
rPois   .          Reflect  .   (helmet unavailable)
rElec   .          Harm     .   (no cloak)
rCorr   .          Rampage  .   (no gloves)
Will    .....                   (no boots)
Stlth   +++.......              (no amulet)
HPRegen 0.06/turn               (no ring)
MPRegen 0.07/turn               (no ring)

@: corroded
A: permanent stasis, dig shafts and tunnels, antennae 3, four strong arms
a: Dig, Shaft Self


You were on level 4 of the Dungeon.
You visited 1 branch of the dungeon, and saw 2 of its levels.

Inventory:

Hand Weapons
 a - a +0 falchion (weapon)
Armour
 b - a +0 leather armour (worn)
Jewellery
 i - an amulet of the acrobat
Wands
 f - a wand of digging (3)
 h - a wand of flame (22)
Scrolls
 c - a scroll of fog
 d - a scroll of magic mapping
 e - a scroll of fear
 g - a scroll of amnesia {unknown}


   Skills:
 + Level 3.3 Fighting
 + Level 2.0 Long Blades
 + Level 1.7 Dodging
 + Level 6.1 Stealth


You couldn't memorise any spells.
You didn't know any spells.
Your spell library was empty.

Dungeon Overview and Level Annotations

Branches:
Dungeon (5/15)
 Temple: D:4-7

Altars:


Innate Abilities, Weirdness & Mutations

You cannot be hasted, slowed, berserked, paralysed or teleported.
You can dig through walls and to a lower floor.
You have a pair of large antennae on your head. (SInv)
Your four strong arms can wield two-handed weapons with a shield.


Message History

Welcome, Jortsu the Formicid Delver.
Are you destined to find the fabled Orb of Zot, or to die trying?
Press ? for a list of commands and other information.
Found a scroll labelled PIECIO PEOMESISTI.
Found an escape hatch in the ceiling.
Found a stone staircase leading down.
Found a hunting sling.
There is an escape hatch in the ceiling here.
g - a scroll labelled PIECIO PEOMESISTI
There is an escape hatch in the ceiling here.
A mysterious force pulls you upwards. The hatch slams shut behind you.
Found a wooden wand and a large brass amulet.
Found a stone staircase leading up.
The endoplasm quivers.
The endoplasm closely misses you.
You see here a wand of flame (22).
There is a stone staircase leading up here.
You slash the endoplasm!
You kill the endoplasm!
h - a wand of flame (22)
Found a stone staircase leading up.
A jelly comes into view.
i - an amulet of the acrobat The jelly quivers.
An orc comes into view. It is wielding a +0 whip.
The orc shouts!
Found an embroidered scarf.
Found an escape hatch in the floor.
The orc closely misses you.
You closely miss the orc. The orc closely misses you.
You hit the orc.
The orc is heavily wounded.
The jelly hits you.
You are splashed with acid!
The orc closely misses you.
You slash the jelly! The acid corrodes you!
Your hands burn!
* * * LOW HITPOINT WARNING * * *
The jelly is moderately wounded.
The jelly hits you.
* * * LOW HITPOINT WARNING * * *
You are splashed with acid!
Ouch! That really hurt!
You die...

#... ###..# { .#..# #
.....# #.. #.#..# #.<
#.#..# {###
#...####.#..######...###
#......#.#.....J@o...>..
# #..#.#.#.#######...[.#
#.##.#.#.#.# .#.##
#..........# ..
####.#.#.### ##
.........#
####.#.######.#
#.....<....#
###.######.#


You could see a jelly and an orc.

Vanquished Creatures
  An endoplasm (D:4)
1 creature vanquished.

Notes
Turn   | Place    | Note
-------+----------+-------------------------------------------
     0 | D:5      | Jortsu the Formicid Delver began the quest for the Orb.
     0 | D:5      | Reached XP level 1. HP: 18/18 MP: 1/1
    16 | D:4      | Noticed a jelly
    37 | D:4      | Splashed by a jelly's acid

Illustrated notes

Levels and vault maps discovered:
D:4:      layout_loops_ring, serial_glass, glass_columns_a, glass_columns_b,
          glass_columns_a, glass_columns_b, item_on_display_a,
          item_on_display_a, kennysheep_generic_room_3
D:5:      layout_basic, lemuel_blue_sif_altar, minmay_temple_entry_proselytizer

Action                   || total
-------------------------++-------
Melee: Falchion          ||     4
Dodge: Dodged            ||     4

Table legend: (Time is in decaauts)
 A = Elapsed time spent in this place.
 B = Non-inter-level travel time spent in this place.
 C = Inter-level travel time spent in this place.
 D = Time resting spent in this place.
 E = Time spent auto-exploring this place.
 F = Levels seen in this place.
 G = Mean time per level.
                   A        B        C        D        E       F      G
               +--------+--------+--------+--------+--------+-----+--------+
         Total |     37 |     37 |      0 |      0 |      0 |   2 |   18.5 |
       Dungeon |     37 |     37 |      0 |      0 |      0 |   2 |   18.5 |
               +--------+--------+--------+--------+--------+-----+--------+

Top non-repeatable levels by time:
     D:4: 31 daAuts
     D:5: 6 daAuts
